 Dungeon Crawl Stone Soup version 0.31.0-32-g396128a36d (webtiles) character file.

Game seed: 8093088391000607579

24766 PaiMei the Dealer of Despair (level 12, -5/96 HPs)
             Began as a Demonspawn Necromancer on Apr 17, 2024.
             Was an Elder of Kikubaaqudgha.
             Killed from afar by an oklob plant (26 damage)
             ... with a splash of acid
             ... on level 3 of the Lair of Beasts.
             The game lasted 00:29:59 (24724 turns).

PaiMei the Dealer of Despair (DsNe)                Turns: 24724, Time: 00:30:00

Health: -5/96      AC: 11    Str:  8    XL:     12   Next: 83%
Magic:  2/26       EV: 21    Int: 20    God:    Kikubaaqudgha [****..]
Gold:   706        SH:  9    Dex: 15    Spells: 6/31 levels left

rFire   . . .        D - +2 dagger (venom)
rCold   . . .        (no shield)
rNeg    . . .        I - +0 troll leather armour
rPois   +            (no helmet)
rElec   .            (no cloak)
rCorr   .            (no gloves)
SInv    .            H - +0 pair of boots
Will    .....        r - amulet of reflection
Stlth   +++          y - ring of poison resistance
HPRegen 1.16/turn    L - +5 ring of evasion
MPRegen 0.20/turn

%: reflection
@: no status effects
A: icemail 1, powered by death 1, sharp scales 3, condensation shield
a: Renounce Religion, Unearth Wretches


You were on level 3 of the Lair of Beasts.
You worshipped Kikubaaqudgha.
Kikubaaqudgha was greatly pleased with you.
You visited 3 branches of the dungeon, and saw 16 of its levels.

You collected 771 gold pieces.
You spent 65 gold pieces at shops.

Inventory:

Hand Weapons
 p - a +1 dagger of electrocution
 t - a +1 dagger of draining
 D - a +2 dagger of venom (weapon)
Missiles
 s - 36 poisoned darts (quivered)
 A - a curare-tipped dart
Armour
 H - a +0 pair of boots (worn)
 I - a +0 troll leather armour (worn)
Jewellery
 g - a ring of fire
 j - a ring of flight
 r - an amulet of reflection (around neck)
 y - a ring of poison resistance (left hand)
 F - an amulet of faith
 L - a +5 ring of evasion (right hand)
Wands
 w - a wand of roots (11)
 B - a wand of flame (42)
 E - a wand of light (13)
 K - a wand of charming (5)
Scrolls
 a - 3 scrolls of identify
 c - 4 scrolls of enchant armour
 d - 7 scrolls of poison
 h - 2 scrolls of fear {unknown}
 i - a scroll of noise {unknown}
 k - 3 scrolls of amnesia
 l - 2 scrolls of vulnerability
 m - 3 scrolls of teleportation
 n - a scroll of blinking {unknown}
 u - a scroll of revelation {unknown}
 x - 6 scrolls of fog
 G - a scroll of enchant weapon {unknown}
Potions
 b - 2 potions of magic
 e - a potion of ambrosia {unknown}
 f - a potion of might {unknown}
 o - a potion of attraction {unknown}
 q - 5 potions of curing
 v - a potion of haste {unknown}
 z - 2 potions of experience
 C - 3 potions of heal wounds
 J - a potion of lignification
 M - a potion of mutation {unknown}


   Skills:
 + Level 9.4 Fighting
 + Level 10.4 Dodging
 - Level 6.0 Stealth
 + Level 10.4 Spellcasting
 + Level 12.8 Necromancy


You had 6 spell levels left.
You knew the following spells:

 Your Spells              Type           Power      Damage    Failure   Level
a - Necrotise             Necr           100%       1d9       1%          1
b - Vampiric Draining     Necr           58%        2d10      1%          3
c - Animate Dead          Necr           58%        N/A       1%          4
d - Curse of Agony        Necr           58%        N/A       1%          5
e - Dispel Undead         Necr           58%        3d21      1%          4
f - Anguish               Hex/Necr       18%        N/A       7%          4
g - Martyr's Knell        Necr/Summ      36%        N/A       7%          4

Your spell library contained the following spells:

 Spells                   Type           Power      Damage    Failure   Level
 Sublimation of Blood     Necr           58%        N/A       1%          2
 Fugue of the Fallen      Necr           58%        N/A       1%          3
 Death Channel            Necr           29%        N/A       8%          6
 Ensorcelled Hibernation  Hex/Ice        20%        N/A       14%         2
 Hailstorm                Conj/Ice       10%        3d6       28%         3
 Ozocubu's Armour         Ice            10%        N/A       28%         3
 Passwall                 Erth           10%        N/A       28%         3
 Summon Ice Beast         Ice/Summ       10%        N/A       28%         3
 Swiftness                Air            10%        N/A       28%         3
 Cause Fear               Hex            5%         N/A       67%         4
 Petrify                  Alch/Erth      10%        N/A       67%         4
 Fireball                 Conj/Fire      5%         3d5       95%         5
 Irradiate                Conj/Alch      5%         3d13      95%         5
 Metabolic Englaciation   Hex/Ice        5%         N/A       95%         5
 Sculpt Simulacrum        Ice/Alch       5%         N/A       100%        6
 Dragon's Call            Summ           5%         N/A       100%        9


Dungeon Overview and Level Annotations

Branches:
Dungeon (11/15)            Temple (1/1) D:4            Lair (4/5) D:10
 Shoals (0/4) Lair:3        Snake (0/4) Lair:3        Slime (0/5) Lair:4
    Orc: D:9-12

Altars:
Ashenzari
Cheibriados
Dithmenos
Fedhas
Gozag
Hepliaklqana
Kikubaaqudgha
Makhleb
Nemelex Xobeh
Okawaru
Qazlal
Ru
Sif Muna
Trog
Uskayaw
Vehumet
Wu Jian
Xom
Yredelemnul
Jiyva

Shops:
D:1 :   D:4 ::   D:11 *

Annotations:
D:8 1 runed translucent door, MuppetCentipede's ghost, novice MiMo
D:9 1 runed translucent door, imdaedric's ghost, journeyman DECj
Lair:1 Gastronok; Urug
Lair:3 exclusion: 4 oklob plants


Innate Abilities, Weirdness & Mutations

A meltable icy envelope protects you from harm. (AC +4)
You regenerate a little health from kills.
You are completely covered in razor-sharp scales. (AC +3, Slay +3)
A meltable shield of frost defends you. (SH +4)


Message History

The komodo dragon hisses angrily.
The komodo dragon misses you.
The komodo dragon attacks as it pursues you!
The komodo dragon bites you!
There is an escape hatch in the ceiling here.
The komodo dragon bites you!! A mysterious force pulls you upwards.
The hatch slams shut behind you.
Level annotation: exclusion: 4 oklob plants You see here a scroll labelled SIGIKLOPYCW.
Casting: Vampiric Draining (safe; 1% risk of failure)
Confirm with . or Enter, or press ? or * to list all spells.
Aiming: Vampiric Draining (safe; 1% risk of failure)
Press: ? - help, Shift-Dir - straight line, f - komodo dragon
Aim: a komodo dragon You draw life force from the komodo dragon!
You feel life coursing into your body. You block the komodo dragon's attack.
Casting: Vampiric Draining (safe; 1% risk of failure)
Confirm with . or Enter, or press ? or * to list all spells.
You don't have enough magic to cast this spell.
Casting: Vampiric Draining (safe; 1% risk of failure)
Confirm with . or Enter, or press ? or * to list all spells.
You don't have enough magic to cast this spell.
Casting: Vampiric Draining (safe; 1% risk of failure)
Confirm with . or Enter, or press ? or * to list all spells.
You don't have enough magic to cast this spell.
You hit the komodo dragon but do no damage.
The komodo dragon is poisoned.
The komodo dragon is moderately wounded.
The komodo dragon closely misses you.
The komodo dragon attacks as it pursues you!
The komodo dragon bites you!! The oklob plant spits acid at you.
The splash of acid hits you!!
* * * LOW HITPOINT WARNING * * *
The komodo dragon attacks as it pursues you!
You block the komodo dragon's attack. The oklob plant spits acid at you.
The splash of acid hits you!!
You die...
Kikubaaqudgha rasps: "You have failed me!
Welcome... death!"

......+..........#)......##...##.
.....#..#.......###....####...###
.....##.#.......###..##..P.....##
....#######...###.............###
....####.....#................###
...............................##
.................................
.................................
...............l@................
....................##.##...####.
..............?.....#####...####.
#....................# ##...##..
#...................... #..+....
...............P.......# #..###..
#............PP........# #..##...
#...............P...#.####..###..
#............PP.P...P+#.#P..# #.#


You could see an oklob plant and a komodo dragon (poisoned).

Vanquished Creatures
  A skyshark (Lair:4)
  2 harpies (Lair:3)
  An oklob plant (Lair:3)
  A black mamba (Lair:4)
  6 cane toads
  2 rime drakes (Lair:4)
  An unseen horror (D:10)
  4 komodo dragons
  A polar bear (Lair:3)
  2 trolls
  A hornet (D:9)
  14 blink frogs
  A shadow (D:11)
  2 wraiths
  41 yaks
  3 wyverns
  A basilisk (Lair:3)
  3 nagas (Lair:3)
  4 acid dragons
  10 water moccasins
  An orc warrior (D:10)
  A black bear (D:10)
  4 ogres
  15 wolves
  3 centaurs
  3 kobold brigands
  9 bullfrogs
  3 scorpions
  3 howler monkeys (D:8)
  2 electric eels (Lair:1)
  A bombardier beetle (D:3)
  5 hounds
  2 jellies (D:7)
  5 orc priests
  3 iguanas
  3 orc wizards
  Terence (D:2)
  9 hell rats
  8 adders
  A shadow imp (D:8)
  3 white imps
  4 ufetubi
  10 dart slugs
  2 ribbon worms
  20 orcs
  6 ball pythons
  8 bats
  11 endoplasms
  2 giant cockroaches (D:2)
  7 goblins
  7 hobgoblins
  7 jackals
  18 kobolds
  7 quokkas
  A frilled lizard (D:1)
  3 rats
299 creatures vanquished.

Vanquished Creatures (collateral kills)
  A skyshark (Lair:4)
  2 cane toads
  A komodo dragon (Lair:3)
  2 blink frogs (Lair:2)
  A yak (Lair:4)
  2 basilisks (D:10)
  3 wolves
  A centaur (D:10)
  A hound (D:6)
  A jelly (Lair:4)
  An iguana (D:10)
  2 hell rats (Lair:3)
  A dart slug (D:1)
  2 orcs (D:4)
  A ball python (D:4)
  A butterfly (Lair:2)
23 creatures vanquished.

Vanquished Creatures (others)
  A cane toad zombie (Lair:4)
  A komodo dragon zombie (Lair:3)
  2 wyvern zombies (D:10)
  A bullfrog zombie (Lair:4)
  2 kobold zombies (D:10)
7 creatures vanquished.

Grand Total: 329 creatures vanquished

Notes
Turn   | Place    | Note
-------+----------+-------------------------------------------
     0 | D:1      | PaiMei the Demonspawn Necromancer began the quest for the
                  | Orb.
     0 | D:1      | Reached XP level 1. HP: 13/13 MP: 3/3
   173 | D:1      | Gained mutation: You are partially covered in razor-sharp
                  | scales. (AC +1, Slay +1) [demonic ancestry]
   173 | D:1      | Reached XP level 2. HP: 19/19 MP: 0/5
   374 | D:1      | Found Perhazidd's Book Boutique.
   726 | D:1      | Gained mutation: You are mostly covered in razor-sharp
                  | scales. (AC +2, Slay +2) [demonic ancestry]
   726 | D:1      | Reached XP level 3. HP: 20/24 MP: 0/6
  1746 | D:2      | Gained mutation: You are completely covered in razor-sharp
                  | scales. (AC +3, Slay +3) [demonic ancestry]
  1746 | D:2      | Reached XP level 4. HP: 30/30 MP: 4/7
  2328 | D:2      | Noticed Terence
  2340 | D:2      | Killed Terence
  2341 | D:2      | Reached skill level 5 in Necromancy
  2964 | D:3      | Found a faded altar of an unknown god.
  3124 | D:3      | Gained mutation: You regenerate a little health from kills.
                  | [demonic ancestry]
  3124 | D:3      | Reached XP level 5. HP: 31/35 MP: 4/9
  3378 | D:4      | Found a staircase to the Ecumenical Temple.
  3415 | Temple   | Entered the Ecumenical Temple
  3423 | Temple   | Became a worshipper of Kikubaaqudgha
  3455 | D:4      | Noticed an ogre
  3617 | D:4      | Noticed an ogre
  3968 | D:4      | Killed an ogre
  3969 | D:4      | Gained mutation: A meltable shield of frost defends you.
                  | (SH +4) [demonic ancestry]
  3969 | D:4      | Reached XP level 6. HP: 34/41 MP: 1/11
  3983 | D:3      | Learned a level 3 spell: Vampiric Draining
  4330 | D:4      | Found Agetej's Self-Improvement Boutique.
  4363 | D:4      | Found Obiedech's Self-Published Books.
  4519 | D:4      | Found a sacrificial altar of Ru.
  5073 | D:5      | Entered Level 5 of the Dungeon
  5169 | D:5      | Reached skill level 6 in Necromancy
  5174 | D:5      | Gained mutation: A meltable icy envelope protects you from
                  | harm. (AC +4) [demonic ancestry]
  5174 | D:5      | Reached XP level 7. HP: 46/46 MP: 12/12
  5467 | D:5      | Reached * piety under Kikubaaqudgha
  5467 | D:5      | Received a gift from Kikubaaqudgha
  5690 | D:5      | Found a hide-covered altar of Uskayaw.
  7163 | D:6      | Learned a level 4 spell: Animate Dead
  7281 | D:6      | Reached XP level 8. HP: 39/52 MP: 4/14
  7453 | D:6      | Reached skill level 5 in Stealth
  7466 | D:6      | Reached ** piety under Kikubaaqudgha
  7568 | D:6      | Found a shadowy altar of Dithmenos.
  7710 | D:6      | Reached skill level 7 in Necromancy
  7814 | D:6      | Reached skill level 5 in Spellcasting
  7918 | D:6      | Reached skill level 5 in Dodging
  8901 | D:6      | Reached XP level 9. HP: 40/57 MP: 0/17
  9105 | D:7      | Found a snail-covered altar of Cheibriados.
  9479 | D:7      | Reached skill level 1 in Fighting
  9479 | D:7      | Reached skill level 8 in Necromancy
 11333 | D:7      | Reached skill level 9 in Necromancy
 11600 | D:7      | Reached XP level 10. HP: 58/71 MP: 3/20
 12186 | D:8      | Found a runed translucent door.
 12186 | D:8      | Identified the +6 spear of the Enfolding Rat {flame, rN+
                  | Int+3}
 12188 | D:8      | Noticed MuppetCentipede's ghost (novice MiMo)
 12595 | D:9      | Found a radiant altar of Vehumet.
 12624 | D:9      | Found an ornate altar of the Wu Jian Council.
 12687 | D:9      | Noticed a two-headed ogre
 13135 | D:9      | Found a runed translucent door.
 13135 | D:9      | Noticed imdaedric's ghost (journeyman DECj)
 13681 | D:10     | Entered Level 10 of the Dungeon
 13752 | D:10     | Noticed a boulder beetle
 13752 | D:10     | Noticed an orc knight
 13752 | D:10     | Noticed a cyclops
 13752 | D:10     | Noticed a death knight
 13752 | D:10     | Noticed a meliai
 13752 | D:10     | Noticed a manticore
 13753 | D:10     | Noticed a boulder beetle
 13755 | D:10     | Noticed a boulder beetle
 13755 | D:10     | Noticed a boulder beetle
 13757 | D:10     | Noticed a tengu warrior
 13860 | D:10     | Reached skill level 5 in Fighting
 14073 | D:10     | Reached skill level 10 in Necromancy
 14086 | D:10     | Reached *** piety under Kikubaaqudgha
 14086 | D:10     | Received a gift from Kikubaaqudgha
 14750 | D:10     | Found a staircase to the Lair.
 14756 | D:10     | Reached XP level 11. HP: 81/81 MP: 8/23
 15571 | D:11     | Found Poxu Bats's General Store.
 15582 | D:11     | Bought a potion of heal wounds for 65 gold pieces
 15592 | D:11     | Noticed a cyan ugly thing
 15675 | D:11     | Learned a level 5 spell: Curse of Agony
 15680 | D:11     | Learned a level 4 spell: Dispel Undead
 15685 | D:11     | Learned a level 4 spell: Anguish
 15690 | D:11     | Learned a level 4 spell: Martyr's Knell
 16539 | Lair:1   | Entered Level 1 of the Lair of Beasts
 17887 | Lair:1   | Noticed Urug
 17967 | Lair:1   | Reached skill level 11 in Necromancy
 18188 | Lair:1   | Noticed Gastronok
 20673 | Lair:3   | Reached XP level 12. HP: 91/92 MP: 19/25
 20753 | Lair:3   | Found a staircase to the Shoals.
 21333 | Lair:3   | Reached **** piety under Kikubaaqudgha
 21334 | Lair:3   | Reached skill level 12 in Necromancy
 21710 | Lair:3   | Found a staircase to the Snake Pit.
 22994 | Lair:4   | Found a viscous altar of Jiyva.
 22994 | Lair:4   | Found a staircase to the Slime Pits.
 23649 | Lair:4   | Reached skill level 10 in Spellcasting
 23750 | Lair:4   | Reached skill level 10 in Dodging
 24724 | Lair:3   | Killed from afar by an oklob plant

Illustrated notes

Levels and vault maps discovered:
D:1:      minmay_arrival_stone_box, layout_loops_ring, serial_shops,
          nicolae_shop_stone, minmay_tall_x
D:2:      layout_basic, uniq_terence
D:3:      layout_basic, dreamdust_ecumenical_altar_hidden_monk_grotto,
          kennysheep_generic_room_13
D:4:      layout_loops_ring, mainiacjoe_overflow_concentric_impassable,
          minmay_temple_entry_tees, grunt_ministairs_7, nicolae_custom_books,
          nicolae_shop_self_help
D:5:      layout_basic, jmf_multi_god_temple
D:6:      layout_loops_cross, mainiacjoe_overflow_catch_the_wave
D:7:      layout_loops_ring, slow_altar_1, minmay_fountain_box
D:8:      layout_layer_cave, ebering_ghost_funeral_grove
D:9:      layout_long_grid, nicolae_wu_jian_wuxing_cycle, vehumet_altar_wand_db,
          hellmonk_ghost_happy_afterlife, item_on_display_a
D:10:     layout_basic, minmay_lair_entry_grove, minivault_12
D:11:     minmay_the_grid_octo_tiled_squarecenter_mashed
          [minmay_the_grid_octo_tetromino_candy, minmay_the_grid_octo_checkered,
          minmay_the_grid_octo_chip, minmay_the_grid_octo_fan_narrow,
          minmay_the_grid_square_5x5_megaprize_open,
          minmay_the_grid_square_5x5_spiral, minmay_the_grid_square_5x5_forky,
          minmay_the_grid_square_5x5_bridge,
          minmay_the_grid_square_5x5_tetrominoes], layout_loops_ring,
          serial_shops, shop
Temple:   nicolae_temple_two_arcs
Lair:1:   layout_roguey, serial_bayou_shore_a, lemuel_fruit_tree,
          serial_bayou_shore_b, uniq_urug, uniq_gastronok
Lair:2:   layout_long_grid, serial_bayou_crossing, infiniplex_staircase_pool_2,
          grunt_megastairs_2, lemuel_fruit_fields
Lair:3:   minmay_lair_oklob_chamber, layout_regular_city,
          nicolae_shoals_entry_roost, minmay_snake_entry_guardpost_small,
          dpeg_oklob_1
Lair:4:   layout_regular_city, nicolae_slime_entry_slimehenge

Skill      XL: |  1  2  3  4  5  6  7  8  9 10 11 12 |
---------------+-------------------------------------+-----
Dodging        | 2 3 4 5 6 8 9 10 | 10.4
Stealth        | 2 3 4 6 |  6.0
Necromancy     | 5 6 7 9 10 11 12 | 12.8
Spellcasting   | 3 4 5 6 8 9 10 | 10.4
Fighting       | 3 6 7 9 |  9.4

Action                     |  1- 3 |  4- 6 |  7- 9 | 10-12 || total
---------------------------+-------+-------+-------+-------++-------
  Melee: Hand axe          |    16 |     3 |       |       ||    19
         Dagger            |       |    38 |   117 |   362 ||   517
         Punch             |       |       |     1 |     6 ||     7
   Cast: Necrotise         |    76 |   108 |    86 |   103 ||   373
         Vampiric Draining |       |     7 |    93 |   272 ||   372
         Animate Dead      |       |       |       |     9 ||     9
         Curse of Agony    |       |       |       |     4 ||     4
    Use: Scroll            |       |       |       |     9 ||     9
   Stab: Sleeping          |       |       |     1 |     1 ||     2
         Distracted        |       |       |       |     2 ||     2
 Armour: Robe              |    24 |    33 |   140 |   110 ||   307
         Troll leather arm |       |       |       |   204 ||   204
  Dodge: Dodged            |    24 |    41 |   159 |   433 ||   657
  Block: Other             |       |    18 |    89 |   254 ||   361
         Reflection        |       |       |     2 |     6 ||     8
